 Dungeon Crawl Stone Soup version 0.30-a0-715-gdb4ae3ece1 (webtiles) character file.

Game seed: 14844328378040226055

3509 brightshaft the Grappler (level 9, -1/89 HPs)
             Began as a Troll Gladiator on Jan 25, 2023.
             Was an Initiate of Okawaru.
             Slain by a killer bee (6 damage)
             ... on level 6 of the Dungeon.
             The game lasted 00:12:12 (5181 turns).

brightshaft the Grappler (Troll Gladiator)          Turns: 5181, Time: 00:12:13

Health: -1/89      AC:  9    Str: 28    XL:     9   Next: 81%
Magic:  8/8        EV: 11    Int:  4    God:    Okawaru [......]
Gold:   245        SH:  0    Dex: 11    Spells: 8/8 levels left

rFire   . . .      SeeInvis .      - Unarmed
rCold   . . .      Faith    .    (no shield)
rNeg    . . .      Spirit   .    a - +0 robe
rPois   .          Reflect  .    b - +1 hat
rElec   .          Harm     .    (no cloak)
rCorr   .          Rampage  .    (gloves unavailable)
Will    +....                    (boots unavailable)
Stlth   +                        (no amulet)
HPRegen 1.14/turn                m - +4 ring of protection
MPRegen 0.11/turn                q - ring of willpower

@: lethally poisoned (-1 -> -2)
A: large, unfitting armour, claws 3, regeneration 1, shaggy fur 1, tough skin 1
a: Renounce Religion


You were on level 6 of the Dungeon.
You worshipped Okawaru.
Okawaru was noncommittal.
You visited 2 branches of the dungeon, and saw 8 of its levels.

You collected 245 gold pieces.

Inventory:

Missiles
 c - 2 throwing nets (quivered)
 d - a large rock
 i - 20 poisoned darts
 l - 6 boomerangs
 A - 5 javelins
Armour
 a - a +0 robe (worn)
 b - a +1 hat (worn)
Jewellery
 k - a ring of positive energy
 m - a +4 ring of protection (left claw)
 n - an amulet of magic regeneration
 q - a ring of willpower (right claw)
 u - a +6 ring of dexterity
Wands
 j - a wand of flame (55) {@v2}
 s - a wand of mindburst (15) {@v3}
 y - a wand of polymorph (12)
Scrolls
 g - 3 scrolls of identify {@r1}
 h - 2 scrolls of blinking
 v - a scroll of noise {unknown}
 x - a scroll of teleportation {@r4}
 z - a scroll of silence {unknown}
Potions
 e - 4 potions of curing {@q1}
 f - 3 potions of ambrosia {unknown}
 o - a potion of haste {unknown}
 p - a potion of degeneration {unknown}
 r - 3 potions of might {unknown}
 t - a potion of lignification {unknown}
 w - a potion of attraction {unknown}


   Skills:
 + Level 5.9 Fighting
 + Level 2.3 Throwing
 + Level 6.2 Dodging
 * Level 10.3 Unarmed Combat
 + Level 1.2 Invocations


You had 8 spell levels left.
You didn't know any spells.
Your spell library contained the following spells:

 Spells                   Type           Power      Damage    Failure   Level
 Blink                    Tloc           0%         N/A       65%         2
 Ensorcelled Hibernation  Hex/Ice        0%         N/A       65%         2
 Lesser Beckoning         Tloc           0%         N/A       65%         2
 Momentum Strike          Conj/Tloc      0%         3d8       65%         2
 Passwall                 Tmut/Erth      0%         N/A       65%         2
 Gell's Gravitas          Tloc           0%         N/A       86%         3
 Swiftness                Air            0%         N/A       86%         3
 Teleport Other           Tloc           0%         N/A       86%         3
 Dispersal                Tloc           0%         N/A       100%        6


Dungeon Overview and Level Annotations

Branches:
Dungeon (7/15)             Temple (1/1) D:5

Altars:
Cheibriados
Dithmenos
Fedhas
Hepliaklqana
Kikubaaqudgha
Nemelex Xobeh
Okawaru
Qazlal
Ru
Sif Muna
Trog
Uskayaw
Vehumet
Wu Jian
Xom
Zin


Innate Abilities, Weirdness & Mutations

You are too large for most types of armour.
You have claws for hands.
Your natural rate of healing is unusually fast.
You are covered in fur. (AC +1)
You have tough skin. (AC +1)


Message History

* * * LOW HITPOINT WARNING * * *
The orc hits you with a +0 hand axe.
* * * LOW HITPOINT WARNING * * *
You feel better. The killer bee misses you. The killer bee closely misses you.
The orc warrior barely misses you. The orc barely misses you.
You completely miss the orc warrior.
The orc warrior is severely wounded.
The killer bee stings you but does no damage.
You closely miss the orc warrior. Your claw misses the orc warrior.
The orc warrior is severely wounded.
The killer bee stings you but does no damage.
The orc warrior hits you with a +0 long sword!
* * * LOW HITPOINT WARNING * * *
The orc hits you but does no damage. The killer bee closely misses you.
You feel better. The killer bee closely misses you.
The orc warrior closely misses you. The orc hits you with a +0 hand axe.
* * * LOW HITPOINT WARNING * * *
The killer bee closely misses you.
You claw the orc warrior!
You kill the orc warrior!
Okawaru accepts your kill. The killer bee completely misses you.
The killer bee stings you but does no damage.
You scratch the orc but do no damage. The killer bee closely misses you.
The orc barely misses you. The orc hits you but does no damage.
You mangle the orc!!
You kill the orc!
Okawaru accepts your kill. The killer bee stings you.
* * * LOW HITPOINT WARNING * * *
You are poisoned.
The killer bee poisons you!
The killer bee stings you but does no damage.
The orc hits you with a +0 hand axe.
* * * LOW HITPOINT WARNING * * *
You mangle the orc!!
You kill the orc!
Okawaru accepts your kill.
You feel sick. The killer bee stings you.
You die...

#.#
#.##.##.#
#.#
#.##.##.#
#.#
#.##....#
#.#
#....####
#.#
###..#
#.# #..#
#.# #..#
#.# #y)#
######
#)@#
.#...#
####
...8.#
.#...#
###.##
.#...#
....8#
.#...#
######


You could see a killer bee.

Vanquished Creatures
  A two-headed ogre (D:6)
  Pikel (D:4)
  Sigmund (D:3)
  Eustachio (D:5)
  A water moccasin (D:6)
  A black bear (D:4)
  An orc warrior (D:6)
  The ghost of Zenkrye the Insei, an amateur DgTm (D:3)
  A phantom (D:4)
  2 kobold brigands (D:6)
  A bullfrog (D:3)
  4 scorpions
  8 wights
  A killer bee (D:7)
  2 jellies (D:5)
  A hound (D:5)
  4 orc priests
  A gnoll bouda (D:6)
  Terence (D:3)
  4 iguanas
  7 orc wizards
  10 adders
  4 gnolls (D:6)
  2 white imps (D:5)
  An ufetubus (D:5)
  2 dart slugs
  26 orcs
  8 ball pythons
  3 bats
  8 endoplasms
  2 giant cockroaches
  5 goblins
  4 hobgoblins
  2 quokkas
  4 frilled lizards
  18 kobolds
  6 rats
150 creatures vanquished.

Notes
Turn   | Place    | Note
-------+----------+-------------------------------------------
     0 | D:1      | brightshaft the Troll Gladiator began the quest for the
                  | Orb.
     0 | D:1      | Reached XP level 1. HP: 19/19 MP: 0/0
   139 | D:1      | Reached XP level 2. HP: 28/28 MP: 1/1
   464 | D:1      | Found a faded altar of an unknown god.
   751 | D:2      | Reached XP level 3. HP: 35/35 MP: 2/2
  1169 | D:2      | Reached skill level 4 in Unarmed Combat
  1336 | D:3      | Reached XP level 4. HP: 41/42 MP: 3/3
  1369 | D:3      | Noticed Sigmund
  1375 | D:3      | Killed Sigmund
  1376 | D:3      | Reached skill level 5 in Unarmed Combat
  1376 | D:3      | Reached XP level 5. HP: 46/52 MP: 4/4
  1404 | D:3      | Noticed Terence
  1411 | D:3      | Killed Terence
  1412 | D:3      | Reached XP level 6. HP: 59/59 MP: 5/5
  2027 | D:3      | Found a runed translucent door.
  2027 | D:3      | Noticed Zenkrye's ghost (amateur DgTm)
  2215 | D:3      | Killed Zenkrye's ghost
  2216 | D:3      | Reached skill level 6 in Unarmed Combat
  2216 | D:3      | Reached XP level 7. HP: 67/67 MP: 6/6
  2621 | D:4      | Reached skill level 7 in Unarmed Combat
  2840 | D:4      | Reached XP level 8. HP: 78/78 MP: 7/7
  2949 | D:5      | Entered Level 5 of the Dungeon
  2949 | D:5      | Noticed Pikel
  2977 | D:4      | Killed Pikel
  2978 | D:4      | Reached skill level 5 in Dodging
  2978 | D:4      | Reached skill level 8 in Unarmed Combat
  3168 | D:5      | Noticed Eustachio
  3171 | D:5      | You fall into a shaft and drop 1 floor!
  3197 | D:6      | Reached skill level 5 in Fighting
  3214 | D:6      | Reached XP level 9. HP: 45/85 MP: 8/8
  3360 | D:6      | Reached skill level 9 in Unarmed Combat
  3523 | D:6      | Noticed a two-headed ogre
  3539 | D:6      | Killed a two-headed ogre
  3904 | D:6      | Found a radiant altar of Vehumet.
  4073 | D:5      | Reached skill level 10 in Unarmed Combat
  4369 | D:5      | Found a staircase to the Ecumenical Temple.
  4389 | Temple   | Entered the Ecumenical Temple
  4479 | Temple   | Became a worshipper of Warmaster Okawaru
  4527 | D:5      | Killed Eustachio
  4933 | D:6      | Found an ornate altar of the Wu Jian Council.
  5164 | D:7      | Reached skill level 1 in Invocations
  5173 | D:6      | HP: 3/89 [orc/+0 hand axe (4)]
  5181 | D:6      | Slain by a killer bee

Illustrated notes

Levels and vault maps discovered:
D:1:      dpeg_arrival_tiny_h, layout_loops_ring, basic_ecumenical_altar
D:2:      layout_loops_ring, minmay_hexomino_u4
D:3:      layout_loops_corners, ebering_ghost_sewer_d, kennysheep_boxes,
          uniq_terence, uniq_sigmund
D:4:      layout_loops_cross
D:5:      layout_rooms, minmay_temple_entry_waves, uniq_eustachio, uniq_pikel
D:6:      layout_basic, nicolae_overflow_hidden_temple,
          nicolae_wu_jian_immortal_techniques
D:7:      layout_cave_pools, tso_oasis_becter, kennysheep_path_1
Temple:   jpeg_temple_clearing

Skill      XL: |  1  2  3  4  5  6  7  8  9 |
---------------+----------------------------+-----
Fighting       | 2 3 4 5 |  5.9
Unarmed Combat | 4 5 6 7 8 10 | 10.3
Dodging        | 3 4 5 6 |  6.2
Throwing       | 2 |  2.3
Invocations    | 1 |  1.2

Action                     |  1- 3 |  4- 6 |  7- 9 || total
---------------------------+-------+-------+-------++-------
  Melee: Unarmed           |    91 |    74 |   241 ||   406
         Punch             |     3 |     1 |    14 ||    18
  Throw: Throwing net      |       |       |     4 ||     4
    Use: Scroll            |     8 |     1 |     2 ||    11
         Potion            |       |     1 |     7 ||     8
   Stab: Held in net/web   |       |       |     1 ||     1
 Armour: Robe              |    43 |    30 |   101 ||   174
  Dodge: Dodged            |    43 |    14 |   159 ||   216

Table legend: (Time is in decaauts)
 A = Elapsed time spent in this place.
 B = Non-inter-level travel time spent in this place.
 C = Inter-level travel time spent in this place.
 D = Time resting spent in this place.
 E = Time spent auto-exploring this place.
 F = Levels seen in this place.
 G = Mean time per level.
                   A        B        C        D        E       F      G
               +--------+--------+--------+--------+--------+-----+--------+
         Total |   5146 |   4572 |    574 |      0 |   3545 |   8 |  643.2 |
       Dungeon |   5038 |   4499 |    539 |      0 |   3487 |   7 |  719.7 |
        Temple |    108 |     73 |     35 |      0 |     58 |   1 |  108.0 |
               +--------+--------+--------+--------+--------+-----+--------+

Top non-repeatable levels by time:
     D:6: 1331 daAuts
     D:3: 1118 daAuts
     D:1: 754 daAuts
     D:2: 718 daAuts
     D:4: 688 daAuts
     D:5: 417 daAuts
  Temple: 108 daAuts
     D:7: 8 daAuts
